 Dungeon Crawl Stone Soup version 0.29.0-7-g18a832c13a (webtiles) character file.

Game seed: 8563141671132557364

6437 funkygono the Arsonist (level 10, -15/53 HPs)
             Began as a Gargoyle Fire Elementalist on Aug 30, 2022.
             Was a Believer of Vehumet.
             Killed by the air
             ... invoked by Gastronok
              (21 damage)
             ... on level 8 of the Dungeon on Aug 31, 2022.
             The game lasted 00:26:38 (11772 turns).

funkygono the Arsonist (GrFE)                      Turns: 11772, Time: 00:26:40

Health: -15/53     AC: 15    Str: 13    XL:     10   Next: 99%
Magic:  23/23      EV: 12    Int: 25    God:    Vehumet [**....]
Gold:   458        SH:  0    Dex: 10    Spells: 13/27 levels left

rFire   . . .      SeeInvis .   r - +4 mace (drain)
rCold   + . .      Faith    .   (no shield)
rNeg    + . .      Spirit   .   t - +2 leather armour {rC+}
rPois   ∞          Reflect  .   j - +2 hood of the Assassin {Detection Stab+ Stlth++}
rElec   +          Harm     .   (no cloak)
rCorr   +          Rampage  .   (no gloves)
Will    .....                   c - +0 pair of boots
Stlth   ++++......              k - amulet of the acrobat
HPRegen 0.17/turn               m - ring of resist corrosion
MPRegen 0.18/turn               L - +6 ring of intelligence

@: no status effects
A: sickness immunity, AC +7, negative energy resistance 1, electricity
resistance, torment resistance 1, petrification resistance
a: Renounce Religion


You were on level 8 of the Dungeon.
You worshipped Vehumet.
Vehumet was pleased with you.
You visited 2 branches of the dungeon, and saw 9 of its levels.
You also visited: Sewer.

You collected 692 gold pieces.
You spent 234 gold pieces at shops.

Inventory:

Hand Weapons
 r - a +4 mace of draining (weapon)
 s - a +0 whip of freezing
 B - a +1 whip of freezing
 I - the +4 battleaxe of the Dowdy God {vorpal, Str+3}
   (You found it on level 7 of the Dungeon)

   It inflicts extra damage upon your enemies.
   Str:       It affects your strength (+3).
 J - a +3 flail
Armour
 a - a +0 robe
 c - a +0 pair of boots (worn)
 j - the +2 hood of the Assassin (worn) {Detection Stab+ Stlth++}
   (You found it on level 2 of the Dungeon)

   It allows the wearer to sense nearby creatures.
   It allows the wearer to make particularly effective stabbing attacks against
   helpless or unaware enemies with any weapon.
   Stlth:     It makes you much more stealthy.
 p - a +0 scale mail
 t - a +2 leather armour of cold resistance (worn)
 E - +0 steam dragon scales
 G - a +2 hat
Jewellery
 f - a ring of wizardry
 k - an amulet of the acrobat (around neck)
 m - a ring of resist corrosion (left hand)
 y - an amulet of guardian spirit
 L - a +6 ring of intelligence (right hand)
Wands
 q - a wand of paralysis (12)
 w - a wand of flame (39)
 A - a wand of polymorph (8)
 K - a wand of quicksilver (6)
 M - a wand of mindburst (13)
Scrolls
 z - a scroll of blinking
 C - a scroll of poison
 F - 3 scrolls of amnesia
 H - 2 scrolls of identify
 N - a scroll of enchant armour {unknown}
Potions
 b - a potion of magic
 d - 11 potions of curing
 e - a potion of cancellation
 g - 4 potions of heal wounds
 h - a potion of haste
 i - a potion of brilliance
 l - 3 potions of mutation
 n - a potion of ambrosia
 o - 2 potions of attraction
 u - a potion of resistance
 v - a potion of might
 x - 2 potions of flight
 D - a potion of lignification {unknown}


   Skills:
 + Level 2.0 Fighting
 + Level 3.3 Maces & Flails
 + Level 3.3 Armour
 + Level 4.1 Dodging
 + Level 4.0 Stealth
 + Level 9.0 Spellcasting
 + Level 6.9 Conjurations
 + Level 9.3 Fire Magic


You had 13 spell levels left.
You knew the following spells:

 Your Spells              Type           Power      Damage    Failure   Level
a - Foxfire               Conj/Fire      100%       2x1d9     1%          1
b - Scorch                Fire           100%       2d10      1%          2
c - Flame Wave            Conj/Fire      51%        2d13      2%          4
d - Fireball              Conj/Fire      25%        3d11      7%          5
j - Searing Ray           Conj           92%        2d7       1%          2

Your spell library contained the following spells:

 Spells                   Type           Power      Damage    Failure   Level
 Poisonous Vapours        Pois/Air       22%        N/A       11%         2
 Magic Dart               Conj           100%       1d8       1%          1
 Conjure Flame            Conj/Fire      51%        6-21      1%          3
 Inner Flame              Hex/Fire       34%        N/A       3%          3
 Ignite Poison            Fire/Tmut/Pois 26%        N/A       6%          3
 Mephitic Cloud           Conj/Pois/Air  22%        N/A       8%          3
 Call Imp                 Summ           11%        N/A       11%         2
 Fulminant Prism          Conj/Hex       14%        3d9       17%         4
 Gell's Gravitas          Tloc           11%        N/A       21%         3
 Lesser Beckoning         Tloc           11%        N/A       21%         3
 Teleport Other           Tloc           11%        N/A       21%         3
 Tukima's Dance           Hex            11%        N/A       21%         3
 Starburst                Conj/Fire      25%        6d8       36%         6
 Passage of Golubria      Tloc           11%        N/A       56%         4
 Freezing Cloud           Conj/Ice/Air   11%        6-21      58%         5
 Silence                  Hex/Air        5%         N/A       88%         5
 Yara's Violent Unravell  Hex/Tmut       5%         3d4       88%         5
 Ignition                 Fire           27%        3d9       100%        8
 Lehudib's Crystal Spear  Conj/Erth      14%        10d5      100%        8


Dungeon Overview and Level Annotations

Branches:
Dungeon (8/15)             Temple (1/1) D:7            Lair (0/5) D:8
  Sewer (visited)

Altars:
Ashenzari
Cheibriados
Elyvilon
Fedhas
Gozag
Hepliaklqana
Kikubaaqudgha
Makhleb
Nemelex Xobeh
Okawaru
Qazlal
Ru
Sif Muna
Trog
Uskayaw
Vehumet
Wu Jian
Xom
Yredelemnul
Zin
The Shining One

Shops:
D:2 !![   D:8 **:

Annotations:
D:8 Gastronok


Innate Abilities, Weirdness & Mutations

You are immune to sickness and miasma.
Your stone body is resilient. (AC +7)
You are immune to poison.
You resist negative energy. (rN+)
You are resistant to electric shocks. (rElec)
You are resistant to unholy torment.
You are immune to petrification.


Message History

Confirm with . or Enter, or press ? or * to list all spells.
Flames lash Gastronok.
Gastronok is burned terribly!
Gastronok is severely wounded.
Unknown command.
Casting: Scorch (safe; 1% risk of failure)
Confirm with . or Enter, or press ? or * to list all spells.
Flames lash Gastronok.
Gastronok is burned terribly!
Gastronok is severely wounded.
Unknown command.
You barely miss Gastronok.
Gastronok is severely wounded.
Gastronok bites you but does no damage.
Casting: Scorch (safe; 1% risk of failure)
Confirm with . or Enter, or press ? or * to list all spells.
Flames lash Gastronok.
Gastronok is burned terribly!
Gastronok is severely wounded.
Unknown command.
Casting: Scorch (safe; 1% risk of failure)
Confirm with . or Enter, or press ? or * to list all spells.
Flames lash Gastronok.
Gastronok is burned terribly!
Gastronok is almost dead.
Gastronok bites you!!
* * * LOW HITPOINT WARNING * * *
Unknown command.
Gastronok mumbles some strange words.
Casting: Scorch (safe; 1% risk of failure)
Confirm with . or Enter, or press ? or * to list all spells.
You don't have enough magic to cast this spell.
Unknown command.
Casting: Scorch (safe; 1% risk of failure)
Confirm with . or Enter, or press ? or * to list all spells.
You conjure some foxfire!
Magic courses through your body.
The foxfire hits Gastronok!
Gastronok is burned terribly!
Gastronok is almost dead.
The foxfire hits Gastronok.
Gastronok is burned terribly!
Gastronok is almost dead.
Gastronok waves his eye-stalks in wide circles.
The air twists around and strikes you!!
You die...

....# #..#######...........#
....# #........#..........[#
....# #..⌠...⌠.#...........#
....# ##...∩...............#
....######.⌠...⌠.............#
......[)...............>######
....#####.....#####.###)# #'#.#
#.###.#####.###)######## #'#.#
#.# #.#.@§#............# ....#
#.###.#.#§#............# ....#
##.....#.#.#............# ....#
#...#..#r#w#..[.........#
....####..(#.....b....[[[......##
#.#........'..........).##.......
#.#.####...##......####'##...####
#.#####............# #.......#≈~≈
#.....#)...........# #.......#~≈~


You could see Gastronok (swift, combustible), a quokka (summoned) and a bat
(summoned).

Vanquished Creatures
  Pikel (D:5)
  Maggie (D:6)
  Grinder (D:5)
  A hornet (D:8)
  Sigmund (D:2)
  5 yaks (D:8)
  Grum (D:8)
  2 steam dragons (D:8)
  2 water moccasins
  An orc warrior (D:8)
  3 ice beasts
  2 sky beasts
  3 wolves (D:8)
  3 centaurs
  3 ogres
  3 lemures (D:5)
  A phantom (D:5)
  3 gnoll sergeants (D:7)
  3 bullfrogs
  A scorpion (D:3)
  5 wights
  8 killer bees (D:8)
  4 howler monkeys
  10 hounds
  6 orc priests
  3 jellies
  9 orc wizards
  Natasha (thrice) (D:2)
  3 iguanas
  12 gnolls
  12 adders
  A shadow imp (D:8)
  2 white imps (D:7)
  An ufetubus (D:4)
  3 worms
  4 dart slugs
  26 orcs
  6 endoplasms
  5 giant cockroaches
  13 goblins
  10 hobgoblins
  5 jackals
  7 quokkas
  6 ball pythons
  6 bats
  2 frilled lizards (D:2)
  12 kobolds
  4 rats
229 creatures vanquished.

Vanquished Creatures (collateral kills)
  A foxfire (D:4)
1 creature vanquished.

Vanquished Creatures (others)
  816 foxfires
  37 plants
853 creatures vanquished.

Grand Total: 1083 creatures vanquished

Notes
Turn   | Place    | Note
-------+----------+-------------------------------------------
     0 | D:1      | funkygono the Gargoyle Fire Elementalist began the quest
                  | for the Orb.
     0 | D:1      | Reached XP level 1. HP: 10/10 MP: 3/3
    34 | D:1      | Reached XP level 2. HP: 15/15 MP: 0/5
    46 | D:1      | Learned a level 2 spell: Scorch
   268 | D:1      | Reached XP level 3. HP: 19/19 MP: 3/6
   747 | D:1      | Found a faded altar of an unknown god.
  1352 | D:2      | Noticed Sigmund
  1411 | D:2      | Killed Sigmund
  1412 | D:2      | Reached skill level 1 in Maces & Flails
  1412 | D:2      | Reached XP level 4. HP: 20/24 MP: 0/9
  1412 | D:2      | Reached XP level 5. HP: 23/28 MP: 0/10
  1417 | D:2      | Learned a level 4 spell: Flame Wave
  1532 | D:2      | Found the +2 hood of the Assassin {Detection Stab+ Stlth++}
  1536 | D:2      | Reached XP level 6. HP: 32/32 MP: 8/11
  1565 | D:2      | Found Huhiqau's Distillery.
  1578 | D:2      | Found Lovvaur's Antique Armour Emporium.
  1606 | D:2      | Found Zusmesm's Distillery.
  1611 | D:2      | Bought a potion of heal wounds for 70 gold pieces
  1614 | D:2      | Noticed Natasha
  1618 | D:2      | Killed Natasha
  1748 | D:2      | Noticed Natasha
  1757 | D:2      | Killed Natasha
  2232 | D:2      | Found an ancient bone altar of Kikubaaqudgha.
  2391 | D:2      | Noticed Natasha
  2394 | D:2      | Killed Natasha
  2578 | D:3      | Reached XP level 7. HP: 36/36 MP: 9/12
  2806 | D:3      | Found an iron altar of Okawaru.
  3836 | D:3      | Learned a level 2 spell: Searing Ray
  3940 | D:4      | Reached skill level 5 in Fire Magic
  4008 | D:4      | Found a glowing drain.
  4032 | Sewer    | Entered a sewer
  4807 | D:4      | Learned a level 5 spell: Fireball
  4841 | D:5      | Entered Level 5 of the Dungeon
  4964 | D:5      | Noticed Grinder
  4977 | D:5      | Killed Grinder
  4978 | D:5      | Reached skill level 1 in Armour
  4978 | D:5      | Reached XP level 8. HP: 37/42 MP: 5/15
  5246 | D:5      | Noticed Pikel
  5262 | D:5      | Killed Pikel
  5263 | D:5      | Reached skill level 1 in Fighting
  5263 | D:5      | Reached skill level 5 in Spellcasting
  5415 | D:5      | Reached skill level 5 in Conjurations
  5495 | D:5      | Identified the +2 robe of Fizxympa {rN+ MP+9}
  5808 | D:6      | Found an ancient bone altar of Kikubaaqudgha.
  5887 | D:6      | Reached XP level 9. HP: 47/47 MP: 10/17
  6628 | D:6      | Noticed Maggie
  6648 | D:6      | Killed Maggie
  7491 | D:7      | Found a staircase to the Ecumenical Temple.
  7500 | Temple   | Entered the Ecumenical Temple
  7500 | Temple   | Found a transporter.
  7500 | Temple   | Found a transporter.
  7502 | Temple   | Found a transporter.
  7502 | Temple   | Found a transporter.
  7520 | Temple   | Became a worshipper of Vehumet
  7556 | D:7      | Identified the +4 battleaxe of the Dowdy God {vorpal,
                  | Str+3}
  7723 | D:7      | Reached XP level 10. HP: 53/53 MP: 10/20
  8289 | D:7      | Reached * piety under Vehumet
  8289 | D:7      | Offered knowledge of Freeze by Vehumet.
  9956 | D:8      | Found Yqyl's Specific Store.
  9958 | D:8      | Found Kowkiyts's General Store.
  9970 | D:8      | Bought a scroll of enchant weapon for 82 gold pieces
  9970 | D:8      | Bought a scroll of enchant weapon for 82 gold pieces
  9997 | D:8      | Found Qeom's Vocational Training.
 10337 | D:8      | Noticed Gastronok
 10369 | D:8      | Noticed Grum
 10511 | D:8      | Reached ** piety under Vehumet
 10705 | D:8      | Offered knowledge of Poisonous Vapours by Vehumet.
 11218 | D:8      | Killed Grum
 11471 | D:8      | Found a staircase to the Lair.
 11772 | D:8      | Killed from afar by Gastronok

Illustrated notes

Levels and vault maps discovered:
D:1:      kennysheep_arrival_forest, layout_rooms,
          dilly_ecumenical_altar_fadedgnrine, serial_curves, eino_curves_04,
          eino_curves_02, serial_bayou_pond_a, chequers_serial_rivers_large_b,
          st_stairs_6
D:2:      layout_basic, basic_altar, serial_shops, nicolae_shop_hallway_stairs,
          shop, nicolae_diamond_shop, uniq_sigmund, uniq_natasha
D:3:      wad_crossroads, layout_loops_ring, okawaru_ov_weapons_minmay,
          serial_rivers, chequers_serial_rivers_micro_a,
          chequers_serial_rivers_micro_c, chequers_serial_rivers_marsh,
          chequers_serial_rivers_small_3, chequers_serial_rivers_micro_e,
          chequers_serial_rivers_micro_a
D:4:      layout_cave_pools, portal_sewer_entry_f, serial_park,
          serial_park_fountain, serial_park_square3
          [serial_park_minivault_5x5_2], serial_park_tiny_1, serial_park_square3
          [serial_park_minivault_5x5_7], serial_park_tiny_pond,
          hangedman_abyss_or_decor_stagger
D:5:      layout_basic, uniq_pikel, uniq_grinder
D:6:      layout_cave_pools, lemuel_tele_altar, uniq_maggie
D:7:      kennysheep_housing_project, layout_basic, minmay_temple_entry_waves,
          minmay_door_square
D:8:      layout_basic, lair_entry_dummy, serial_rivers,
          chequers_serial_rivers_micro_a, chequers_serial_rivers_small_a,
          chequers_serial_rivers_room_b, chequers_serial_rivers_marsh,
          nicolae_specific_store, nicolae_shop_vocational, uniq_grum,
          uniq_gastronok
Temple:   hellmonk_temple_divided_pantheon

Skill      XL: |  1  2  3  4  5  6  7  8  9 10 |
---------------+-------------------------------+-----
Maces & Flails | 1 2 3 |  3.3
Spellcasting   | 3 4 5 7 9 |  9.0
Conjurations   | 2 3 4 5 6 |  6.9
Fire Magic     | 4 5 6 8 9 |  9.3
Dodging        | 2 3 4 |  4.1
Stealth        | 3 4 |  4.0
Armour         | 1 2 3 |  3.3
Fighting       | 1 2 |  2.0

Action                   |  1- 3 |  4- 6 |  7- 9 | 10-12 || total
-------------------------+-------+-------+-------+-------++-------
Melee: Flail             |    33 |    15 |       |       ||    48
       Unarmed           |     1 |       |       |       ||     1
       Mace              |       |       |    82 |    42 ||   124
       Punch             |       |       |     1 |     1 ||     2
 Cast: Foxfire           |    40 |    41 |   227 |   150 ||   458
       Scorch            |     4 |     8 |    31 |    34 ||    77
       Searing Ray       |       |       |       |    11 ||    11
       Fireball          |       |       |       |     7 ||     7
       Flame Wave        |       |       |       |     6 ||     6
  Use: Scroll            |       |       |    19 |     4 ||    23
       Potion            |       |       |     1 |     2 ||     3
 Stab: Sleeping          |       |       |     3 |       ||     3
Armor: Robe              |     6 |     7 |       |       ||    13
       Leather armour    |       |       |    69 |    40 ||   109
Dodge: Dodged            |    10 |    12 |   117 |   145 ||   284
